 Dungeon Crawl Stone Soup version 0.20-a0-32-gb8e7c72 (webtiles) character file.

94 sveltemanboy the Poker (level 4, -9/43 HPs)
             Began as a Demonspawn Gladiator on Nov 8, 2016.
             Was an Initiate of Hepliaklqana.
             Mangled by Sigmund
             ... wielding a +4 scythe of slicing
              (11 damage)
             ... on level 2 of the Dungeon.
             The game lasted 00:03:55 (1962 turns).

sveltemanboy the Poker (Demonspawn Gladiator)       Turns: 1962, Time: 00:03:56

Health: -9/43      AC: 22    Str: 19 (22) XL:     4   Next: 38%
Magic:  4/4        EV:  2    Int:  8 (9)  God:    Hepliaklqana [......]
Gold:   54         SH:  0    Dex: 17 (18) Spells: 0 memorised, 3 levels left

rFire  . . .     SeeInvis .     p - +0 halberd
rCold  . . .     Gourm    .     (armour currently unavailable)
rNeg   + + +     Faith    .     (shield currently unavailable)
rPois  +         Spirit   .     (helmet currently unavailable)
rElec  .         Reflect  .     (cloak currently unavailable)
rCorr  .         Harm     .     (gloves currently unavailable)
MR     .....     NoTele   +     (boots currently unavailable)
Stlth  +++.......               (no amulet)
                                (no ring)
                                (no ring)

@: confused, mighty, agile, tree-form
A: reduced essence, (large bone plates 0), nightstalker 1
a: Recall Ancestor, Ancestor Identity, Renounce Religion


You were on level 2 of the Dungeon.
You worshipped Hepliaklqana.
Hepliaklqana was noncommittal.
You were not hungry.
You were a tree.
You visited 1 branch of the dungeon, and saw 2 of its levels.

You collected 54 gold pieces.

Inventory:

Hand Weapons
 p - a +0 halberd (weapon)
Armour
 c - a +0 helmet (melded)
 r - a +0 scale mail (melded)
Scrolls
 b - a scroll of fog {unknown}
 e - 3 scrolls of remove curse {unknown}
 g - 4 scrolls of identify {unknown}
 i - 2 scrolls of magic mapping {unknown}
 o - a scroll of amnesia {unknown}
Potions
 j - a potion of degeneration
 m - 2 potions of lignification
Comestibles
 f - a bread ration
 k - a slice of pizza
 q - 2 chunks of flesh


   Skills:
 - Level 2.0 Fighting
 * Level 4.0 Polearms
 - Level 1.7 Throwing
 - Level 2.1 Armour
 - Level 2.6 Dodging
 + Level 0.0 Invocations


You had 3 spell levels left.
You didn't know any spells.

Dungeon Overview and Level Annotations

Branches:
Dungeon (2/15)

Altars:
Hepliaklqana

Annotations:
D:2 Sigmund


Innate Abilities, Weirdness & Mutations

((You are partially covered in large bone plates. (SH +4)))
You are slightly more attuned to the shadows.
Your life essence is reduced. (-10% HP)


Message History

It was a potion of flight.
Your roots keep you in place.
Sigmund casts a spell at you. The puff of flame hits you!
* * * LOW HITPOINT WARNING * * *
You are stuck in your current form!
It was a potion of might.
You feel very mighty all of a sudden.
Sigmund hits you from afar with a scythe of slicing!
* * * LOW HITPOINT WARNING * * *
x2 Evoke which item? (* to show all) (? for menu, Esc to quit)
You're too confused!
Unknown command.
You cannot move. (Use ctrl+direction to attack without moving.) Firing (i - inventory): No suitable missiles.
Press: ? - help, Shift-Dir - straight line, f/p - Sigmund
Aim: Sigmund, wielding a scythe of slicing and wearing a robe (severely wounded)
Okay, then.
You cannot move. (Use ctrl+direction to attack without moving.) Sigmund hits you from afar with a scythe of slicing!
You die...

####.#.# #.###### #.#
####.#.# #.# #.#
..##.#.###.#### #.#
#.##.#...[....######
#.
..##................
###########.#R#######
#.#.......#
#.#######.#####
#.....♣.@.....#
########.####. #.#
#.# #.# #.. ###


You could see Sigmund.

Vanquished Creatures
  4 gnolls (D:2)
  3 dart slugs
  3 leopard geckos
  8 bats
  3 giant cockroaches (D:1)
  4 goblins
  4 hobgoblins (D:1)
  A ball python (D:1)
  A frilled lizard (D:2)
  5 kobolds
  6 rats (D:1)
42 creatures vanquished.

Vanquished Creatures (collateral kills)
  A worm (D:2)
  A bat (D:2)
  A rat (D:2)
3 creatures vanquished.

Vanquished Creatures (others)
  An ancestor (D:2)
1 creature vanquished.

Grand Total: 46 creatures vanquished

Notes
Turn   | Place    | Note
-------+----------+-------------------------------------------
     0 | D:1      | sveltemanboy the Demonspawn Gladiator began the quest for the Orb.
     0 | D:1      | Reached XP level 1. HP: 16/16 MP: 1/1
   156 | D:1      | Reached skill level 3 in Polearms
   171 | D:1      | Gained mutation: You are partially covered in large bone plates. (SH +4) [demonic ancestry]
   171 | D:1      | Reached XP level 2. HP: 22/22 MP: 2/2
   217 | D:1      | Reached skill level 1 in Armour
   811 | D:1      | Gained mutation: You are slightly more attuned to the shadows. [demonic ancestry]
   811 | D:1      | Reached XP level 3. HP: 17/27 MP: 3/3
  1389 | D:2      | Reached XP level 4. HP: 23/33 MP: 4/4
  1668 | D:2      | Found a hazy altar of Hepliaklqana.
  1705 | D:2      | Became a worshipper of Hepliaklqana the Forgotten
  1766 | D:2      | Reached skill level 4 in Polearms
  1941 | D:2      | Noticed Sigmund
  1961 | D:2      | HP: 2/43 [Sigmund/scythe of slicing (1)]
  1962 | D:2      | Mangled by Sigmund

Vault maps used:
D:1:      minmay_arrival_diagonal_passages
D:2:      lemuel_doored_altar, grunt_ministairs_14, uniq_sigmund

Skill      XL: |  1  2  3  4 |
---------------+-------------+-----
Polearms       | 3 4 |  4.0
Armour         | 1 2 |  2.1
Fighting       | |  2.0
Throwing       | |  1.7
Dodging        | |  2.6

Action                   |  1- 3 |  4- 6 || total
-------------------------+-------+-------++-------
Melee: Trident           |   108 |       ||   108
       Halberd           |     6 |    20 ||    26
Throw: Throwing net      |     1 |     2 ||     3
  Use: Potion            |       |     6 ||     6
 Stab: Sleeping          |     2 |     2 ||     4
       Distracted        |     1 |       ||     1
  Eat: Chunk             |     2 |     1 ||     3
Armor: Leather armour    |    24 |     2 ||    26
       Skin              |       |     1 ||     1
Dodge: Dodged            |    58 |     5 ||    63
Block: Other             |    13 |       ||    13
